 Dungeon Crawl Stone Soup version 0.14-a0-1403-g5d3c58f (webtiles) character file.

305 July the Magician (level 5, -2/24 HPs)
             Began as a Spriggan Enchanter on Dec 10, 2013.
             Slain by a centaur (6 damage)
             ... on Level 5 of the Dungeon.
             The game lasted 00:10:52 (2808 turns).

July the Magician (Spriggan Enchanter)              Turns: 2808, Time: 00:10:52

HP  -2/24        AC  3     Str  5      XL: 5   Next: 63%
MP  17/20        EV 18     Int 17      God:
Gold 86          SH  0     Dex 16      Spells:  2 memorised, 12 levels left

rFire  . . .     SeeInvis +     a - +1 dagger
rCold  . . .     Clarity  .     b - +1 robe
rNeg   . . .     Conserve .     (shield restricted)
rPois  +         rCorr    .     (helmet restricted)
rElec  .         rRot     .     (no cloak)
SustAb . .       Spirit   .     (gloves unavailable)
rMut   .         Warding  .     (boots unavailable)
Saprov . . .     Stasis   .     (no amulet)
                                (no ring)
                                r - ring of poison resistance {unknown}

@: very quick, somewhat resistant to hostile enchantments, stealthy
A: unfitting armour, see invisible, herbivore 3, speed 3, slow metabolism 2
a: no special abilities


You were on level 5 of the Dungeon.
You were not hungry.

You visited 1 branch of the dungeon, and saw 5 of its levels.

You collected 86 gold pieces.

Inventory:

Hand weapons
 a - a +1,+1 dagger (weapon)
 f - a +0,+0 short sword
 g - a +0,+0 dagger
 k - a +1,+2 dagger
 m - a +0,+0 dagger
 o - a +0,+0 dagger
 q - a +0,+0 dagger
 u - a +0,+0 dagger
Missiles
 d - 57 darts (quivered)
Armour
 b - a +1 robe (worn)
 y - a +0 robe
Comestibles
 l - a pear
 n - 3 bread rations
 x - a choko
Scrolls
 h - a scroll of noise {unknown}
 j - 5 scrolls of identify {unknown}
 p - a scroll of enchant weapon II {unknown}
 w - a scroll of enchant armour {unknown}
 A - a scroll of teleportation {unknown}
 B - a scroll of remove curse {unknown}
 C - a scroll of magic mapping {unknown}
Jewellery
 r - a ring of poison resistance (left hand) {unknown}
Potions
 e - a potion of porridge
 i - a potion of brilliance {unknown}
 s - a potion of restore abilities {unknown}
 t - a potion of heal wounds {unknown}
 v - a potion of might {unknown}
 z - 2 potions of berserk rage {unknown}
Books
 c - a book of Maledictions

   Spells                             Type                      Level
   *Corona                            Hexes                        1
   Sure Blade                         Hexes/Charms                 2
   *Ensorcelled Hibernation           Hexes/Ice                    2
   Confuse                            Hexes                        3
   Enslavement                        Hexes                        4
   Invisibility                       Hexes                        6


   Skills:
 - Level 1.1 Short Blades
 - Level 1.1 Throwing
 - Level 3.0 Dodging
 - Level 3.0 Stealth
 - Level 5.9 Spellcasting
 * Level 5.5 Hexes


You had 12 spell levels left.
You knew the following spells:

 Your Spells              Type           Power        Failure   Level  Hunger
m - Corona                Hex            ###....      1%          1    None
s - Ensorcelled Hibernat  Hex/Ice        ##....       10%         2    None


Dungeon Overview and Level Annotations

Branches:
Dungeon (5/16)             Temple (0/1) D:5

Altars:
Sif Muna
Trog
Vehumet

Annotations:
D:2 Ijyb
D:3 Sigmund
D:4 Edmund


Innate Abilities, Weirdness & Mutations

You are tiny and cannot use many weapons and most armour.
You have supernaturally acute eyesight.
You are a herbivore.
You cover ground extremely quickly.
You need consume almost no food.


Message History

The centaur is almost dead.
The centaur hits you! The centaur barely misses you.
You hit the centaur.
The centaur is almost dead.
The centaur barely misses you.
You hit the centaur but do no damage.
The centaur is almost dead.
The centaur barely misses you. The centaur completely misses you.
You barely miss the centaur.
The centaur is almost dead.
The centaur hits you!
* * * LOW HITPOINT WARNING * * *
The worm misses you.
Casting: Ensorcelled Hibernation
Confirm with . or Enter, or press ? or * to list all spells.
Aiming: Ensorcelled Hibernation
Press: ? - help, Shift-Dir - straight line, f - worm, p - centaur
Aim: a worm The worm looks drowsy...
The centaur hits you.
You die...

...#...#......##......≈≈≈≈≈≈.....
...#...#......##.........§.......
...#...#......##........#.. .....
##.#.........###..+.#...# .....
#.#.#.......###.##.##.# .....
##.#.#........#......... #.....
...#........#........... #####
...#..........#..⌠...⌠..# #...
...#.......(#.#(@c......#..###...
...#........#....w.>.............
..#...#+#..(..#......... ....#...
#........##(..#..⌠...⌠..##...#...
#........##..................#...
#........##...#....?... ##...##..
..............##.##.##.##....##..
.###.#...##....#.# +#........##..
.# #.............. #.......#..%.


You could see a worm (sleeping) and a centaur.

Vanquished Creatures
  A giant frog (D:5)
  2 hounds
  An iguana (D:4)
  2 gnolls (D:5)
  A giant mite (D:1)
  An adder skeleton (D:5)
  6 giant geckos
  A ball python (D:1)
  6 bats
  A bat skeleton (D:5)
  3 hobgoblins
  2 jackals (D:1)
  6 kobolds
  A quokka (D:2)
  A giant cockroach (D:1)
  4 giant newts
  6 goblins
  A hobgoblin zombie (D:5)
  11 rats
57 creatures vanquished.

Notes
Turn   | Place    | Note
--------------------------------------------------------------
     0 | D:1      | July, the Spriggan Enchanter, began the quest for the Orb.
     0 | D:1      | Reached XP level 1. HP: 9/9 MP: 4/4
   531 | D:1      | Reached XP level 2. HP: 13/13 MP: 8/8
   855 | D:1      | Reached skill level 4 in Spellcasting
   860 | D:1      | Learned a level 2 spell: Ensorcelled Hibernation
  1103 | D:1      | Reached XP level 3. HP: 13/16 MP: 12/12
  1863 | D:2      | Noticed Ijyb
  1876 | D:2      | Found a bloodstained altar of Trog.
  1877 | D:2      | Found a deep blue altar of Sif Muna.
  2097 | D:3      | Noticed Sigmund
  2122 | D:4      | Reached skill level 5 in Spellcasting
  2122 | D:4      | Reached XP level 4. HP: 14/21 MP: 15/17
  2331 | D:4      | Noticed Edmund
  2360 | D:5      | Entered Level 5 of the Dungeon
  2364 | D:5      | Noticed a phantom
  2419 | D:5      | Noticed a giant frog
  2425 | D:5      | Killed a giant frog
  2425 | D:5      | Reached XP level 5. HP: 24/24 MP: 16/20
  2502 | D:5      | Found a radiant altar of Vehumet.
  2636 | D:5      | Reached skill level 5 in Hexes
  2793 | D:5      | Noticed a centaur
  2794 | D:5      | Found a staircase to the Ecumenical Temple.
  2808 | D:5      | Slain by a centaur

Action                   |  1- 3 |  4- 6 || total
-------------------------+-------+-------++-------
Melee: Dagger            |   181 |    54 ||   235
 Cast: Ensorcelled Hiber |       |    17 ||    17
 Stab: Sleeping          |     2 |    10 ||    12
